 Dungeon Crawl Stone Soup version 0.25.0-10-g039870ee82 (webtiles) character file.

Game seed: 4273038886286445785

102328 Fv001 the Thaumaturge (level 16, -10/126 HPs)
             Began as a Gnoll Skald on June 21, 2020.
             Was the Champion of Ashenzari.
             Killed from afar by Aizul (38 damage)
             ... with a poison arrow
             ... on level 4 of the Lair of Beasts on June 22, 2020.
             The game lasted 02:04:59 (33703 turns).

Fv001 the Thaumaturge (Gnoll Skald)                Turns: 33703, Time: 02:04:59

Health: -10/126    AC: 28    Str: 16    XL:     16   Next: 32%
Magic:  4/31       EV: 19    Int: 22    God:    Ashenzari [******]
Gold:   250        SH: 13    Dex: 16    Spells: 3/38 levels left

rFire    . . .     SeeInvis +   N - +8 broad axe "Jess" {vorpal, rN++ MR-} (curse)
rCold    . . .     Gourm    .   K - +0 buckler (curse)
rNeg     + + .     Faith    .   o - +4 scale mail (curse)
rPois    .         Spirit   .   r - +2 helmet (curse)
rElec    .         Reflect  +   t - +2 cloak {rCorr} (curse)
rCorr    +         Harm     .   (no gloves)
MR       ++...     Clarity  +   L - +2 pair of boots (curse)
Stlth    +++.......             P - amulet of reflection (curse)
HPRegen  0.31/turn              V - ring of the Mage {Wiz MR++ Int+3} (curse)
MPRegen  0.22/turn              u - +4 ring of protection (curse)

@: lethally poisoned (-10 -> -24)
A: distributed training, fangs 1, strong nose
a: Curse Item, Scrying, Renounce Religion


You were on level 4 of the Lair of Beasts.
You worshipped Ashenzari.
Ashenzari was exalted by your worship.
You were not hungry.

You visited 5 branches of the dungeon, and saw 25 of its levels.
You also visited: Trove.

You collected 2334 gold pieces.
You spent 2084 gold pieces at shops.

Inventory:

Hand Weapons
 I - a +7 morningstar of freezing
 N - the cursed +8 broad axe "Jess" (weapon) {vorpal, rN++ MR-}
   (You bought it in a shop on level 2 of the Orcish Mines)

   It inflicts extra damage upon your enemies.
   It greatly protects you from negative energy.
   It affects your resistance to hostile enchantments.
   It has a curse placed upon it.
Missiles
 i - 11 javelins (quivered)
Armour
 o - a cursed +4 scale mail (worn)
 r - a cursed +2 helmet (worn)
 t - a cursed +2 cloak of preservation (worn)
 K - a cursed +0 buckler (worn)
 L - a cursed +2 pair of boots (worn)
Jewellery
 n - an uncursed ring of stealth
 u - a cursed +4 ring of protection (right hand)
 M - an uncursed ring of positive energy
 P - a cursed amulet of reflection (around neck)
 V - the cursed ring of the Mage (left hand) {Wiz MR++ Int+3}
   (You bought it in a shop on level 2 of the Orcish Mines)

   [ring of wizardry]

   It improves your spell success rate.
   It affects your intelligence (+3).
   It affects your resistance to hostile enchantments.
   It has a curse placed upon it.
Wands
 a - a wand of acid (41)
 g - a wand of random effects (18)
 l - a wand of clouds (10)
 v - a wand of flame (59)
 x - a wand of iceblast (15)
 y - a wand of paralysis (49)
 B - a wand of disintegration (46)
 G - a wand of polymorph (16)
 R - a wand of enslavement (19)
 Y - a wand of digging (4)
Scrolls
 f - 6 scrolls of blinking
 h - 2 scrolls of brand weapon
 m - 21 scrolls of teleportation
 p - 7 scrolls of identify
 s - 5 scrolls of fear
 z - a scroll of silence
 D - 3 scrolls of immolation
 F - a scroll of summoning
 H - a scroll of fog
 J - 2 scrolls of remove curse
 O - 3 scrolls of holy word
 S - 2 scrolls of magic mapping
 T - 2 scrolls of vulnerability
Potions
 b - 3 potions of cancellation
 c - 4 potions of flight
 j - 4 potions of stabbing
 k - 3 potions of mutation
 q - 15 potions of curing
 w - 4 potions of might
 C - 2 potions of magic
 U - 2 potions of brilliance
 Z - 2 potions of invisibility
Miscellaneous
 e - a tin of tremorstones (3/3)
 A - 2 phantom mirrors
 E - a phial of floods
Comestibles
 d - 21 rations


   Skills:
 + Level 11.4 Fighting
 + Level 10.5 Short Blades
 + Level 10.5 Long Blades
 + Level 10.5(14.8) Axes
 + Level 11.4 Maces & Flails
 + Level 10.5 Polearms
 + Level 10.5 Staves
 + Level 10.5 Slings
 + Level 10.5 Bows
 + Level 10.5 Crossbows
 + Level 10.5 Throwing
 + Level 10.9(13.6) Armour
 + Level 11.4(14.1) Dodging
 + Level 10.5 Stealth
 + Level 10.5(13.3) Shields
 + Level 10.5 Unarmed Combat
 + Level 11.5 Spellcasting
 + Level 9.0(13.3) Conjurations
 + Level 9.0(13.3) Hexes
 + Level 10.4(14.7) Charms
 + Level 9.0(13.3) Summonings
 + Level 9.0(13.3) Necromancy
 + Level 9.0(13.3) Translocations
 + Level 9.0(13.3) Transmutations
 + Level 9.0(13.3) Fire Magic
 + Level 9.0(13.3) Ice Magic
 + Level 9.0(13.3) Air Magic
 + Level 9.0(13.3) Earth Magic
 + Level 9.0(13.3) Poison Magic
 + Level 11.4 Invocations
 + Level 10.5(14.8) Evocations


You had 3 spell levels left.
You knew the following spells:

 Your Spells              Type           Power        Failure   Level  Hunger
a - Infusion              Chrm           ####         1%          1    None
b - Song of Slaying       Chrm           ######..     1%          2    None
c - Shroud of Golubria    Chrm/Tloc      ######       1%          2    None
d - Spectral Weapon       Hex/Chrm       ######..     1%          3    None
e - Magic Dart            Conj           ####         1%          1    None
f - Slow                  Hex            ######..     1%          2    None
g - Bolt of Magma         Conj/Fire/Erth ######....   1%          5    ####...
h - Ensorcelled Hibernat  Hex/Ice        ######       1%          2    None
i - Tukima's Dance        Hex            ######..     1%          3    None
j - Mephitic Cloud        Conj/Pois/Air  ######..     1%          3    None
k - Dazzling Flash        Conj/Hex       ######       1%          3    None
l - Stone Arrow           Conj/Erth      ######       1%          3    None
m - Lee's Rapid Deconstr  Erth           ######....   1%          5    ####...

Your spell library contained the following spells:

 Spells                   Type           Power        Failure   Level  Hunger
 Beastly Appendage        Tmut           ######       1%          1    None
 Corona                   Hex            ######.      1%          1    None
 Sandblast                Erth           ######       1%          1    None
 Shock                    Conj/Air       ####         1%          1    None
 Sting                    Tmut/Pois      ####         1%          1    None
 Blink                    Tloc           N/A          1%          2    None
 Call Imp                 Summ           ######..     1%          2    None
 Passwall                 Tmut/Erth      ######..     1%          2    None
 Poisonous Vapours        Pois/Air       ######       1%          2    None
 Sticks to Snakes         Tmut           ######..     1%          2    None
 Confusing Touch          Hex            ######..     1%          3    None
 Conjure Flame            Conj/Fire      ######..     1%          3    None
 Ozocubu's Armour         Chrm/Ice       ######..     1%          3    None
 Spider Form              Tmut/Pois      ######....   1%          3    None
 Ice Form                 Ice/Tmut       ######..     1%          4    None
 Petrify                  Tmut/Erth      ######..     1%          4    None
 Blade Hands              Tmut           ######....   1%          5    ####...
 Iskenderun's Battlesphe  Conj/Chrm      ######..     1%          5    ####...
 Freezing Cloud           Conj/Ice/Air   ######....   3%          6    #####..
 Iron Shot                Conj/Erth      ######....   3%          6    #####..
 Statue Form              Tmut/Erth      ######...    3%          6    #####..
 Ring of Flames           Chrm/Fire      ######....   14%         7    #######
 Orb of Destruction       Conj           ######....   17%         7    #######
 Spellforged Servitor     Conj/Summ      ######....   17%         7    #######
 Controlled Blink         Tloc           N/A          77%         8    #######


Dungeon Overview and Level Annotations

Branches:
Dungeon (15/15)            Temple (1/1) D:6            Lair (6/6) D:11
  Swamp (0/4) Lair:4       Spider (1/4) Lair:4        Slime (0/5) Lair:6
    Orc (2/2) D:12            Elf (0/3) Orc:2        Vaults (0/5) D:13
 Depths (0/5) D:15

Altars:
Ashenzari
Cheibriados
Dithmenos
Elyvilon
Fedhas
Gozag
Hepliaklqana
Kikubaaqudgha
Makhleb
Nemelex Xobeh
Okawaru
Qazlal
Ru
Sif Muna
Trog
Uskayaw
Vehumet
Wu Jian
Xom
Yredelemnul
Zin
The Shining One
Beogh

Shops:
D:9 !   D:13 *   Orc:2 =[!(

Annotations:
D:9 exclusion: 2 two-headed ogres
Lair:4 Aizul


Innate Abilities, Weirdness & Mutations

Your experience applies equally to all skills.
You have very sharp teeth.
Your uncanny sense of smell can sniff out nearby items.


Message History

* * * LOW HITPOINT WARNING * * *
You feel better.
Aizul yawns, and then pretends she didn't.
Your magical infusion is running out.
You are no longer magically infusing your attacks.
Aizul looks more healthy.
Casting: Magic Dart (safe; 1% risk of failure)
Confirm with . or Enter, or press ? or * to list all spells.
Aiming: Lee's Rapid Deconstruction (mildly dangerous; 1% risk of failure)
Press: ? - help, Dir - move target cursor, p - Aizul A rock wall.
The wall shatters!
The blast of rock fragments hits Aizul!!
Aizul is severely wounded.
Unknown command.
Your magical contamination has completely faded away.
Aizul coils herself and waves her upper body at you.
The poison arrow hits you!!!
You are poisoned.
You die...

##..).##.##..............# ##....
.......................### #....
#.#.#######.##.####.##.# #####
##### ###### ###### .# ####### ##
##^#^#.## #### ### ###
########^#.#.#^##
##.####.#####.###.##.##^###^###.#
................@....≈S..#^#.#...
......÷..............≈.>.^#.#^...
.....####.#####...#..≈...###.#...
#...#.# ### #########.## ####^#
##.#### ##.###^#.## #.#
#^#.#^#.#^# ##.# ######.#### ##.#
### #. #..## ##


You could see Aizul.

Vanquished Creatures
  Agnes (D:14)
  Gastronok (Lair:3)
  Roxanne (D:14)
  An orc warlord (Orc:2)
  Snorg (Lair:4)
  A fire dragon (D:15)
  Josephine (Orc:2)
  4 hydras
  A rakshasa (D:13)
  4 centaur warriors
  Erica (D:8)
  2 two-headed ogres
  A tengu warrior (D:14)
  A vampire mage (D:15)
  Urug (D:11)
  A storm dragon zombie (D:15)
  An orc high priest (Orc:2)
  Nergalle (Lair:4)
  The ghost of Mandevil the Quickloader, a novice NaAM of Okawaru (D:6)
  7 skeletal warriors
  3 unseen horrors
  A glowing orange brain (D:13)
  A deep troll (D:13)
  2 necromancers
  A wizard (D:15)
  3 lindwurms
  2 deep elf magi
  A tengu skeleton (D:15)
  2 wolf spider zombies (D:15)
  5 cyclopes
  5 orc sorcerers (Orc:2)
  A salamander (shapeshifter) (D:13)
  2 wolf spiders
  12 elephants
  16 ugly things
  A fire giant skeleton (D:15)
  3 centaur zombies
  5 black mambas
  3 gargoyles
  A torpor snail (Lair:6)
  21 spiny frogs
  3 rime drakes
  A rime drake (shapeshifter) (D:14)
  2 efreet
  A freezing wraith (D:13)
  A spriggan skeleton (D:15)
  7 komodo dragons
  6 yaktaurs (D:15)
  3 demonic crawlers (D:13)
  A queen bee (shapeshifter) (D:13)
  A polar bear (Lair:6)
  7 trolls
  3 jumping spiders (Lair:4)
  A hornet (D:12)
  4 tyrant leeches (Lair:6)
  6 slime creatures
  35 blink frogs
  4 dream sheep (Lair:4)
  12 hippogriffs
  A meliai zombie (D:14)
  5 redbacks
  2 shadows
  26 yaks
  6 wraiths
  6 wyverns
  5 basilisks
  4 hungry ghosts
  A fire elemental (Orc:1)
  8 vampire mosquitoes
  Edmund (D:3)
  3 wargs (Orc:2)
  A steam dragon (D:10)
  5 insubstantial wisps (Lair:4)
  A soldier ant (D:11)
  An acid dragon (D:15)
  A floating eye (D:13)
  16 water moccasins
  31 orc warriors
  6 porcupines
  2 phantoms
  6 sky beasts
  2 black bears
  8 ice beasts
  An eye of draining (D:12)
  5 ogres
  4 centaurs
  5 crocodiles
  3 small abominations (D:13)
  3 big kobolds
  26 bullfrogs
  2 gnoll sergeants
  A wyvern skeleton (D:13)
  3 scorpions
  14 killer bees
  22 wights
  9 howler monkeys
  An electric eel (Lair:6)
  2 crimson imps
  A bullfrog zombie (D:11)
  A jelly (Lair:6)
  2 centaur skeletons
  29 orc priests
  Crazy Yiuf (D:4)
  5 hounds
  3 bullfrog skeletons
  3 iguanas
  42 orc wizards
  12 worker ants
  11 hell rats (Lair:4)
  2 hound skeletons
  12 gnolls
  5 adders
  5 shadow imps
  12 white imps (D:11)
  An ooze (D:4)
  2 adder skeletons
  2 dart slugs
  7 leopard geckos
  91 orcs
  3 giant cockroaches
  8 goblins
  5 hobgoblins
  15 jackals
  4 quokkas
  5 bats
  8 frilled lizards
  A giant cockroach zombie (D:5)
  A jackal skeleton (D:4)
  18 kobolds
  A leopard gecko skeleton (D:5)
  A leopard gecko zombie (D:5)
  2 quokka skeletons
  7 rats
  A fungus (Lair:4)
  A plant (D:2)
801 creatures vanquished.

Vanquished Creatures (collateral kills)
  A jumping spider (Lair:4)
1 creature vanquished.

Vanquished Creatures (others)
  An orc warrior (Orc:2)
  An ice beast (D:12)
  2 orcs
  A bush (Lair:6)
  14 fungi
  37 plants (Lair:6)
  11 spectral weapons
  A withered plant (D:15)
68 creatures vanquished.

Grand Total: 870 creatures vanquished

Notes
Turn   | Place    | Note
-------+----------+-------------------------------------------
     0 | D:1      | Fv001 the Gnoll Skald began the quest for the Orb.
     0 | D:1      | Reached XP level 1. HP: 20/20 MP: 6/6
   455 | D:1      | Reached XP level 2. HP: 26/26 MP: 4/7
  1114 | D:1      | Learned a level 2 spell: Song of Slaying
  1117 | D:1      | Learned a level 2 spell: Shroud of Golubria
  1143 | D:2      | Reached XP level 3. HP: 19/31 MP: 0/9
  1148 | D:2      | Reached skill level 5 in Spellcasting
  1153 | D:2      | Reached skill level 1 in Invocations
  1160 | D:2      | Reached skill level 1 in Short Blades
  1160 | D:2      | Reached skill level 1 in Long Blades
  1160 | D:2      | Reached skill level 1 in Axes
  1160 | D:2      | Reached skill level 1 in Polearms
  1160 | D:2      | Reached skill level 1 in Staves
  1160 | D:2      | Reached skill level 1 in Slings
  1160 | D:2      | Reached skill level 1 in Bows
  1160 | D:2      | Reached skill level 1 in Crossbows
  1160 | D:2      | Reached skill level 1 in Throwing
  1160 | D:2      | Reached skill level 1 in Stealth
  1160 | D:2      | Reached skill level 1 in Shields
  1160 | D:2      | Reached skill level 1 in Unarmed Combat
  1160 | D:2      | Reached skill level 1 in Evocations
  1463 | D:2      | Learned a level 3 spell: Spectral Weapon
  1504 | D:2      | Found a shimmering altar of Xom.
  1562 | D:2      | Reached XP level 4. HP: 38/38 MP: 11/11
  1588 | D:2      | Found an opulent altar of Gozag.
  1771 | D:2      | Found a sparkling altar of Nemelex Xobeh.
  2134 | D:3      | Reached skill level 1 in Conjurations
  2134 | D:3      | Reached skill level 1 in Hexes
  2134 | D:3      | Reached skill level 1 in Summonings
  2134 | D:3      | Reached skill level 1 in Necromancy
  2134 | D:3      | Reached skill level 1 in Translocations
  2134 | D:3      | Reached skill level 1 in Transmutations
  2134 | D:3      | Reached skill level 1 in Fire Magic
  2134 | D:3      | Reached skill level 1 in Ice Magic
  2134 | D:3      | Reached skill level 1 in Air Magic
  2134 | D:3      | Reached skill level 1 in Earth Magic
  2134 | D:3      | Reached skill level 1 in Poison Magic
  2339 | D:3      | Reached XP level 5. HP: 43/43 MP: 9/12
  2365 | D:3      | You fall into a shaft and drop 2 floors!
  2365 | D:5      | Entered Level 5 of the Dungeon
  2396 | D:4      | Noticed an ice beast
  2406 | D:4      | Killed an ice beast
  2610 | D:4      | Reached XP level 6. HP: 22/50 MP: 5/13
  2916 | D:3      | Found a glowing golden altar of the Shining One.
  3195 | D:4      | Noticed a phantom
  3220 | D:4      | Reached skill level 5 in Fighting
  3220 | D:4      | Reached skill level 5 in Maces & Flails
  3220 | D:4      | Reached skill level 5 in Dodging
  3228 | D:4      | Noticed Edmund
  3231 | D:4      | Killed a phantom
  3264 | D:3      | Killed Edmund
  3264 | D:3      | Reached XP level 7. HP: 23/56 MP: 2/15
  3749 | D:4      | Found a shadowy altar of Dithmenos.
  3828 | D:4      | Found a radiant altar of Vehumet.
  3835 | D:4      | Found an ancient bone altar of Kikubaaqudgha.
  4041 | D:4      | Found a runed translucent door.
  4042 | D:4      | Noticed Crazy Yiuf
  4051 | D:4      | Killed Crazy Yiuf
  5058 | D:6      | Reached XP level 8. HP: 61/63 MP: 10/16
  5098 | D:6      | Found an ornate altar of the Wu Jian Council.
  5262 | D:6      | Found a runed translucent gate.
  5262 | D:6      | Found a runed translucent gate.
  5263 | D:6      | Found a runed translucent gate.
  5268 | D:6      | Noticed Mandevil's ghost (novice NaAM)
  5510 | D:6      | Found a bloodstained altar of Trog.
  5540 | D:6      | Found a snail-covered altar of Cheibriados.
  5722 | D:6      | Found a staircase to the Ecumenical Temple.
  5736 | Temple   | Entered the Ecumenical Temple
  5786 | Temple   | Became a worshipper of Ashenzari the Shackled
  5950 | D:6      | Found a burning altar of Makhleb.
  6409 | D:7      | Reached XP level 9. HP: 65/69 MP: 18/18
  6546 | D:7      | Learned a level 1 spell: Magic Dart
  6549 | D:7      | Learned a level 2 spell: Slow
  6650 | D:7      | Found a shimmering blue altar of Sif Muna.
  6739 | D:7      | Found a hide-covered altar of Uskayaw.
  6741 | D:7      | Noticed a +0 dagger
  6741 | D:7      | Noticed a +0 dagger
  7104 | D:7      | Reached skill level 5 in Armour
  7164 | D:7      | Found an opulent altar of Gozag.
  7383 | D:8      | Found the +7 mace of Variability {chain chaos}
  7919 | D:8      | Noticed Erica
  7931 | D:8      | Killed Erica
  7931 | D:8      | Reached skill level 5 in Invocations
  7931 | D:8      | Reached XP level 10. HP: 57/77 MP: 10/20
  8092 | D:8      | Found a bloodstained altar of Trog.
  8567 | D:9      | Noticed a two-headed ogre
  8934 | D:9      | Upgraded the game from 0.25.0-9-g26727b657a to
                  | 0.25.0-10-g039870ee82
  9089 | D:9      | Found Unkiseq's Distillery.
  9120 | D:9      | Bought a potion of degeneration for 13 gold pieces
  9120 | D:9      | Bought a potion of magic for 104 gold pieces
  9120 | D:9      | Bought a potion of curing for 39 gold pieces
  9120 | D:9      | Bought a potion of curing for 39 gold pieces
  9120 | D:9      | Bought a potion of flight for 39 gold pieces
  9150 | D:9      | Got the cursed kite shield of Polish {Str+8 Slay-3}
  9250 | D:9      | Noticed a two-headed ogre
  9487 | D:9      | Reached * piety under Ashenzari
  9526 | D:9      | Reached skill level 5 in Short Blades
  9526 | D:9      | Reached skill level 5 in Long Blades
  9526 | D:9      | Reached skill level 5 in Axes
  9526 | D:9      | Reached skill level 5 in Polearms
  9526 | D:9      | Reached skill level 5 in Staves
  9526 | D:9      | Reached skill level 5 in Slings
  9526 | D:9      | Reached skill level 5 in Bows
  9526 | D:9      | Reached skill level 5 in Crossbows
  9526 | D:9      | Reached skill level 5 in Throwing
  9526 | D:9      | Reached skill level 5 in Stealth
  9526 | D:9      | Reached skill level 5 in Shields
  9526 | D:9      | Reached skill level 5 in Unarmed Combat
  9526 | D:9      | Reached skill level 5 in Evocations
  9680 | D:9      | Found an iron altar of Okawaru.
  9714 | D:9      | Found a bloodstained altar of Trog.
  9859 | D:10     | Entered Level 10 of the Dungeon
  9961 | D:10     | Learned a level 3 spell: Ozocubu's Armour
 11290 | D:6      | Killed Mandevil's ghost
 11290 | D:6      | Reached XP level 11. HP: 71/84 MP: 11/22
 11774 | D:10     | Found a sacrificial altar of Ru.
 11999 | D:11     | Noticed a cyclops
 12035 | D:11     | Learned a level 2 spell: Ensorcelled Hibernation
 12039 | D:11     | Learned a level 3 spell: Tukima's Dance
 12043 | D:11     | Learned a level 3 spell: Mephitic Cloud
 12202 | D:11     | Noticed Urug
 12267 | D:11     | Killed Urug
 12267 | D:11     | Reached skill level 5 in Conjurations
 12267 | D:11     | Reached skill level 5 in Hexes
 12267 | D:11     | Reached skill level 5 in Summonings
 12267 | D:11     | Reached skill level 5 in Necromancy
 12267 | D:11     | Reached skill level 5 in Translocations
 12267 | D:11     | Reached skill level 5 in Transmutations
 12267 | D:11     | Reached skill level 5 in Fire Magic
 12267 | D:11     | Reached skill level 5 in Ice Magic
 12267 | D:11     | Reached skill level 5 in Air Magic
 12267 | D:11     | Reached skill level 5 in Earth Magic
 12267 | D:11     | Reached skill level 5 in Poison Magic
 12350 | D:11     | Found a staircase to the Lair.
 12694 | D:11     | Noticed a skeletal warrior
 12696 | D:11     | Noticed a skeletal warrior
 12727 | D:11     | Killed a skeletal warrior
 12826 | D:11     | Noticed a skeletal warrior
 12827 | D:11     | Noticed a skeletal warrior
 12838 | D:11     | Noticed a skeletal warrior
 12867 | Lair:1   | Entered Level 1 of the Lair of Beasts
 13690 | Lair:1   | Reached ** piety under Ashenzari
 13965 | Lair:2   | Identified the cursed -4 kite shield of Polish {Str+8
                  | Slay-3} (You found it on level 9 of the Dungeon)
 14342 | Lair:2   | Found a gate leading to a gauntlet.
 14420 | Lair:2   | Reached XP level 12. HP: 93/93 MP: 20/24
 14940 | Lair:3   | Reached *** piety under Ashenzari
 14945 | Lair:3   | Noticed a five-headed hydra
 14954 | Lair:3   | Killed a five-headed hydra
 15101 | Lair:3   | Noticed Gastronok
 15116 | Lair:3   | Killed Gastronok
 15758 | Lair:4   | Noticed Snorg
 15777 | Lair:4   | Killed Snorg
 16657 | Lair:4   | Reached **** piety under Ashenzari
 16661 | Lair:4   | Noticed Nergalle
 16691 | Lair:4   | Killed Nergalle
 17042 | Lair:4   | Found a staircase to the Swamp.
 17084 | Lair:4   | Noticed a five-headed hydra
 17092 | Lair:4   | Killed a five-headed hydra
 17097 | Lair:4   | Reached XP level 13. HP: 101/101 MP: 15/26
 17112 | Lair:4   | Found a hole to the Spider Nest.
 18109 | Lair:4   | Learned a level 3 spell: Dazzling Flash
 18973 | Lair:5   | Reached ***** piety under Ashenzari
 19092 | Lair:6   | Entered Level 6 of the Lair of Beasts
 19475 | Lair:6   | Reached skill level 10 in Spellcasting
 19483 | Lair:6   | Reached XP level 14. HP: 42/109 MP: 16/28
 19862 | Lair:6   | Learned a level 5 spell: Bolt of Magma
 20017 | Lair:6   | Reached skill level 10 in Fighting
 20017 | Lair:6   | Reached skill level 10 in Maces & Flails
 20017 | Lair:6   | Reached skill level 10 in Dodging
 20592 | Lair:6   | Found a staircase to the Slime Pits.
 21499 | D:11     | Reached skill level 10 in Invocations
 22247 | D:12     | Found a staircase to the Orcish Mines.
 22653 | D:12     | Found a hazy altar of Hepliaklqana.
 23277 | D:13     | Identified Suol's Volume of Damaging Displacement
 23931 | D:13     | Identified the Collected Works on Toxins and the Mountains
 23937 | D:13     | Learned a level 3 spell: Stone Arrow
 24013 | D:13     | Reached XP level 15. HP: 117/117 MP: 23/29
 24277 | D:13     | Found Quutaste's General Store.
 24827 | D:13     | Reached skill level 10 in Armour
 25019 | D:13     | Found a gate to the Vaults.
 25657 | D:14     | Reached ****** piety under Ashenzari
 25712 | D:14     | Noticed Agnes
 25722 | D:14     | Killed Agnes
 26321 | D:14     | Identified Roxanne's Volume of Stones
 26321 | D:14     | Noticed Roxanne
 26329 | D:14     | Learned a level 5 spell: Lee's Rapid Deconstruction
 26351 | D:14     | Killed Roxanne
 27059 | D:15     | Entered Level 15 of the Dungeon
 27079 | D:15     | Reached skill level 10 in Charms
 27180 | D:14     | Reached skill level 10 in Short Blades
 27180 | D:14     | Reached skill level 10 in Long Blades
 27180 | D:14     | Reached skill level 10 in Axes
 27180 | D:14     | Reached skill level 10 in Polearms
 27180 | D:14     | Reached skill level 10 in Staves
 27180 | D:14     | Reached skill level 10 in Slings
 27180 | D:14     | Reached skill level 10 in Bows
 27180 | D:14     | Reached skill level 10 in Crossbows
 27180 | D:14     | Reached skill level 10 in Throwing
 27180 | D:14     | Reached skill level 10 in Stealth
 27180 | D:14     | Reached skill level 10 in Shields
 27180 | D:14     | Reached skill level 10 in Unarmed Combat
 27180 | D:14     | Reached skill level 10 in Evocations
 28124 | D:15     | Found a staircase to the Depths.
 28829 | D:15     | Found a roughly hewn altar of Beogh.
 29959 | D:15     | Reached XP level 16. HP: 125/125 MP: 6/31
 30233 | D:15     | Found a portal to a secret trove of treasure.
 30371 | Orc:1    | Entered Level 1 of the Orcish Mines
 31041 | Orc:1    | Found a shimmering altar of Xom.
 31162 | Orc:2    | Entered Level 2 of the Orcish Mines
 31719 | Orc:2    | Found Cox Jasm's Distillery.
 31719 | Orc:2    | Found Nodi's Jewellery Shoppe.
 31720 | Orc:2    | Found Gayczuh's Armour Shoppe.
 31781 | Orc:2    | Found Boranax's Antique Weapon Emporium.
 32208 | Orc:2    | Bought a brightly glowing broad axe for 252 gold pieces
 32208 | Orc:2    | Identified the +8 broad axe "Jess" {vorpal, rN++ MR-} (You
                  | bought it in a shop on level 2 of the Orcish Mines)
 32212 | Orc:2    | Bought a potion of haste for 140 gold pieces
 32212 | Orc:2    | Bought a potion of haste for 140 gold pieces
 32212 | Orc:2    | Bought a potion of haste for 140 gold pieces
 32212 | Orc:2    | Bought a potion of haste for 140 gold pieces
 32213 | Orc:2    | Bought an uncursed amulet of reflection for 330 gold pieces
 32213 | Orc:2    | Bought the ring of the Mage {Wiz MR++ Int+3} for 568 gold
                  | pieces
 32213 | Orc:2    | Found the ring of the Mage {Wiz MR++ Int+3}
 32252 | Orc:2    | Noticed Josephine
 32264 | Orc:2    | Killed Josephine
 32436 | Orc:2    | Found a staircase to the Elven Halls.
 33124 | Orc:2    | Bought a potion of haste for 140 gold pieces
 33300 | D:15     | You paid a toll of 8 potions of haste to enter a treasure
                  | trove
 33301 | Trove    | Entered a treasure trove
 33642 | Spider:1 | Entered Level 1 of the Spider Nest
 33642 | Spider:1 | Noticed Aizul
 33703 | Lair:4   | Killed from afar by Aizul

Illustrated notes

Levels and vault maps discovered:
D:1:      sevenhm_arrival_forest_fort_small_5, layout_loops_corners,
          due_unseen_surprise
D:2:      layout_rooms, nemelex_altar_shiori, xom_redecorated, serial_forest,
          infiniplex_forest_end_3, infiniplex_forest_straight_4,
          infiniplex_forest_clump_small, infiniplex_forest_end_1,
          infiniplex_forest_lined_1, infiniplex_forest_join, first_ration,
          nicolae_gozag_seed_capital
D:3:      layout_rooms, nicolae_tso_swordbearing_angel
D:4:      layout_loops_ring, overflow_temple_1_default, lemuel_crystal_altar,
          lemuel_crystal_altar, uniq_crazy_yiuf_cottage, uniq_edmund
D:5:      layout_basic, minmay_misc_feat_room
D:6:      layout_basic, kennysheep_mini_moat, lemuel_round_altar,
          kennysheep_little_box, temple_fountains, ebering_ghost_rock_garden,
          trog_hazing_becter
D:7:      layout_cave_pools, dancing_weapons_uskayaw,
          lemuel_coloured_pillars_altar, minmay_misc_feat_four_crosses,
          minmay_misc_feat_alley, lemuel_blue_sif_altar
D:8:      layout_layer_cave, bloody_trog, uniq_erica
D:9:      layout_loops_corners, okawaru_gym_becter, serial_shops, shop_coins,
          basic_altar
D:10:     layout_loops_corners, basic_altar
D:11:     layout_roguey, lair_entry_dummy, portal_ice_cave_entry_imps, uniq_urug
D:12:     layout_cave_pools, david_orc_2, basic_altar
D:13:     cheibrodos_hippocracy, layout_basic, david_vaults_4, serial_shops,
          kennysheep_mini
D:14:     layout_layer_cave, serial_rivers, chequers_serial_rivers_large_a,
          chequers_serial_rivers_micro_c, chequers_serial_rivers_micro_a,
          chequers_serial_rivers_small_b, uniq_agnes, uniq_roxanne
D:15:     gammafunk_depths_entry_grave, layout_long_grid, chequers_garden,
          special_room [special_room_orc], trove_entry_hex_spiral,
          minmay_fractal_squares_5
Temple:   compressed_dpeg_triangle_lava_temple
Lair:1:   layout_cave_pods, grunt_megastairs_4
Lair:2:   layout_big_grid, gauntlet_entry_generic
Lair:3:   layout_chaotic_city, small_statue_intersection, lemuel_fruit_fields,
          uniq_gastronok
Lair:4:   layout_small_grid, minmay_swamp_entry_wisps,
          nicolae_spider_entry_tight_spaces, nicolae_volcano_entry_vermiform,
          uniq_nergalle, uniq_snorg
Lair:5:   layout_gridlike, grunt_megastairs_5, infiniplex_staircase_pool_2
Lair:6:   minmay_lair_end_frog_pond, layout_gridlike,
          minmay_slime_entry_pillars, st_stairs_9
Spider:1: layout_spider_delve, uniq_aizul
Orc:1:    layout_caves, basic_altar, nicolae_orc_lava_tube
Orc:2:    st_orc_mages, layout_caves, uniq_josephine

Skill      XL: |  1  2  3  4  5  6  7  8  9 10 11 12 13 14 15 16 |
---------------+-------------------------------------------------+-----
Spellcasting   | 5 6 7 8 9 10 11 | 11.5
Invocations    | 1 2 3 4 5 6 7 8 9 10 11 | 11.4
Short Blades   | 1 2 3 4 5 6 7 8 9 10 | 10.5
Long Blades    | 1 2 3 4 5 6 7 8 9 10 | 10.5
Axes           | 1 2 3 4 5 6 7 8 9 10 | 10.5
Polearms       | 1 2 3 4 5 6 7 8 9 10 | 10.5
Staves         | 1 2 3 4 5 6 7 8 9 10 | 10.5
Slings         | 1 2 3 4 5 6 7 8 9 10 | 10.5
Bows           | 1 2 3 4 5 6 7 8 9 10 | 10.5
Crossbows      | 1 2 3 4 5 6 7 8 9 10 | 10.5
Throwing       | 1 2 3 4 5 6 7 8 9 10 | 10.5
Stealth        | 1 2 3 4 5 6 7 8 9 10 | 10.5
Shields        | 1 2 3 4 5 6 7 8 9 10 | 10.5
Unarmed Combat | 1 2 3 4 5 6 7 8 9 10 | 10.5
Evocations     | 1 2 3 4 5 6 7 8 9 10 | 10.5
Conjurations   | 1 2 3 4 5 6 7 8 9 |  9.0
Hexes          | 1 2 3 4 5 6 7 8 9 |  9.0
Summonings     | 1 2 3 4 5 6 7 8 9 |  9.0
Necromancy     | 1 2 3 4 5 6 7 8 9 |  9.0
Translocations | 1 2 3 4 5 6 7 8 9 |  9.0
Transmutations | 1 2 3 4 5 6 7 8 9 |  9.0
Fire Magic     | 1 2 3 4 5 6 7 8 9 |  9.0
Ice Magic      | 1 2 3 4 5 6 7 8 9 |  9.0
Air Magic      | 1 2 3 4 5 6 7 8 9 |  9.0
Earth Magic    | 1 2 3 4 5 6 7 8 9 |  9.0
Poison Magic   | 1 2 3 4 5 6 7 8 9 |  9.0
Armour         | 3 4 5 6 7 8 9 10 | 10.9
Fighting       | 5 6 7 8 9 10 11 | 11.4
Maces & Flails | 5 6 7 8 9 10 11 | 11.4
Dodging        | 5 6 7 8 9 10 11 | 11.4
Charms         | 6 7 8 9 10 | 10.4

Action                   |  1- 3 |  4- 6 |  7- 9 | 10-12 | 13-15 | 16-18 || total
-------------------------+-------+-------+-------+-------+-------+-------++-------
Melee: Mace              |    64 |    59 |       |       |       |       ||   123
       Bite              |     2 |    23 |    32 |    64 |   133 |    28 ||   282
       Flail             |       |    92 |     1 |       |       |       ||    93
       Punch             |       |     1 |       |       |       |       ||     1
       Dire flail        |       |       |   250 |   132 |       |       ||   382
       Unarmed           |       |       |     2 |       |       |       ||     2
       Great mace        |       |       |    39 |    20 |       |       ||    59
       Morningstar       |       |       |       |   306 |   996 |   202 ||  1504
       Broad axe         |       |       |       |       |       |    28 ||    28
Throw: Javelin           |       |     3 |       |       |     6 |       ||     9
 Cast: Infusion          |    13 |    15 |    34 |    47 |    49 |     3 ||   161
       Song of Slaying   |     2 |     3 |    11 |    10 |    14 |     1 ||    41
       Shroud of Golubri |     1 |     1 |     9 |    11 |    15 |       ||    37
       Magic Dart        |       |       |     7 |    16 |    44 |    51 ||   118
       Spectral Weapon   |       |       |     1 |    34 |    29 |     2 ||    66
       Slow              |       |       |       |    10 |     7 |     1 ||    18
       Tukima's Dance    |       |       |       |     2 |     2 |       ||     4
       Mephitic Cloud    |       |       |       |     2 |    14 |     4 ||    20
       Ensorcelled Hiber |       |       |       |     1 |    19 |       ||    20
       Dazzling Flash    |       |       |       |       |     9 |     5 ||    14
       Bolt of Magma     |       |       |       |       |    35 |     6 ||    41
       Lee's Rapid Decon |       |       |       |       |    23 |    20 ||    43
       Stone Arrow       |       |       |       |       |     6 |    24 ||    30
Invok: Curse Item        |       |       |       |     6 |       |     3 ||     9
Evoke: Wand              |       |       |       |     2 |     2 |       ||     4
       Tin of tremorston |       |       |       |       |     1 |       ||     1
  Use: Scroll            |     5 |     3 |     6 |     7 |    14 |     4 ||    39
       Potion            |     1 |     2 |       |       |     4 |     3 ||    10
 Stab: Sleeping          |       |     1 |       |    13 |    22 |     1 ||    37
       Distracted        |       |       |       |     6 |    11 |       ||    17
       Paralysed         |       |       |       |     1 |       |       ||     1
       Confused          |       |       |       |     1 |     9 |     3 ||    13
       Invisible         |       |       |       |       |    21 |     5 ||    26
  Eat: Chunk             |     1 |     6 |    13 |    23 |    36 |    12 ||    91
       Ration            |       |       |     1 |     2 |     6 |     1 ||    10
Armor: Leather armour    |    14 |       |       |       |       |       ||    14
       Skin              |     4 |     7 |       |       |       |       ||    11
       Scale mail        |     3 |    37 |   185 |   191 |   344 |    45 ||   805
Dodge: Dodged            |    56 |    70 |   239 |   321 |   752 |   157 ||  1595
Block: Buckler           |       |       |       |   107 |   428 |    87 ||   622
       Reflection        |       |       |       |       |       |     2 ||     2
